 Dungeon Crawl Stone Soup version 0.29.1-1-gd02db6906a (webtiles) character file.

Game seed: 3165908678434947632

2 byup the Sneak (level 1, -2/14 HPs)
             Began as a Kobold Delver on Oct 13, 2022.
             Killed from afar by an orc wizard (4 damage)
             ... with a magic dart
             ... on level 5 of the Dungeon.
             The game lasted 00:01:29 (54 turns).

byup the Sneak (Kobold Delver)                        Turns: 54, Time: 00:01:29

Health: -2/14      AC:  3    Str:  9    XL:     1   Next: 33%
Magic:  1/1        EV: 14    Int: 11    God:
Gold:   12         SH:  0    Dex: 16    Spells: 0/0 levels left

rFire   . . .      SeeInvis .   a - +0 short sword
rCold   . . .      Faith    .   (no shield)
rNeg    . . .      Spirit   .   b - +0 leather armour
rPois   .          Reflect  .   (no helmet)
rElec   .          Harm     .   (no cloak)
rCorr   .          Rampage  .   (no gloves)
Will    .....                   (no boots)
Stlth   ++++......              (no amulet)
HPRegen 0.04/turn               (no ring)
MPRegen 0.07/turn               (no ring)

@: no status effects
A: small, no large weapons, nightstalker 3
a: no special abilities


You were on level 5 of the Dungeon.
You visited 1 branch of the dungeon, and saw 1 of its levels.

You collected 12 gold pieces.

Inventory:

Hand Weapons
 a - a +0 short sword (weapon)
Armour
 b - a +0 leather armour (worn)
Wands
 g - a wand of digging (3)
Scrolls
 c - a scroll of fog
 d - a scroll of magic mapping
 h - a scroll of enchant weapon {unknown}
 i - a scroll of identify {unknown}
Potions
 f - a potion of haste


   Skills:
 + Level 3.3 Fighting
 + Level 2.7 Short Blades
 + Level 2.4 Dodging
 + Level 6.7 Stealth


You couldn't memorise any spells.
You didn't know any spells.
Your spell library was empty.

Dungeon Overview and Level Annotations

Branches:
Dungeon (5/15)
 Temple: D:4-7

Altars:


Innate Abilities, Weirdness & Mutations

You are small and have problems with some larger weapons.
You are completely attuned to the shadows.


Message History

You see here a +0 ring mail.
Found 12 gold pieces.
h - a scroll labelled HIABLO IDUI
i - a scroll labelled XUETYE YFREIVE You now have 12 gold pieces.
An orc comes into view. It is wielding a +0 falchion.
An orc priest and an orc wizard come into view.
The helpless orc fails to defend itself.
You impale the orc!!
You kill the orc!
An orc wizard comes into view. It is wielding a +0 dagger.
Things that are here:
a +0 falchion; a +0 leather armour; an orc corpse The orc wizard shouts!
The orc priest shouts!
You hear a shout!
The orc wizard hits you but does no damage.
The orc priest begins to cast a cantrip, but forgets the words!
You barely miss the orc wizard. The orc wizard casts a spell at you.
The puff of flame hits you!
Ouch! That really hurt!
The orc priest closely misses you.
You hit the orc wizard. Your punch misses the orc wizard.
The orc wizard is lightly wounded.
The orc wizard hits you but does no damage.
The orc priest hits you with a +0 club.
* * * LOW HITPOINT WARNING * * *
The orc wizard attacks as you move away!
The orc wizard closely misses you.
The orc priest begins to cast a cantrip, but forgets the words!
Things that are here:
a +0 falchion; a +0 leather armour; an orc corpse
As you read the scroll of fear, it crumbles to dust.
You assume a fearsome visage.
The orc priest looks frightened!
The orc wizard looks frightened!
The orc wizard gestures wildly while chanting.
The orc wizard flickers and vanishes!
Deactivating autopickup; reactivate with Ctrl-A.
The orc wizard points at you and mumbles some strange words.
The magic dart hits you.
You die...

##### #. #.o.# #..
#.#####... #.)o@.....
#.###.###. #.# #.# ...#
#.##.###.##....
#........##..#.....>..
##.#####.##..#.#.....#..
# #.....#.##...##..
###...#..........
##......[......


You could see an orc wizard.

Vanquished Creatures
  An orc (D:5)
1 creature vanquished.

Notes
Turn   | Place    | Note
-------+----------+-------------------------------------------
     0 | D:5      | byup the Kobold Delver began the quest for the Orb.
     0 | D:5      | Reached XP level 1. HP: 14/14 MP: 1/1
    39 | D:5      | Noticed an orc priest
    39 | D:5      | Noticed an orc wizard
    41 | D:5      | Noticed an orc wizard
    54 | D:5      | Killed from afar by an orc wizard

Illustrated notes

Levels and vault maps discovered:
D:5:      layout_loops_ring, grunt_temple_overflow_open,
          minmay_misc_feat_encased, nicolae_shop_unique_rings

Action                   || total
-------------------------++-------
Melee: Short sword       ||     3
  Use: Scroll            ||     1
 Stab: Sleeping          ||     1
Armor: Leather armour    ||     2
Dodge: Dodged            ||     2
